 Dungeon Crawl Stone Soup version 0.32-a0-918-g0f22ef8d61 (webtiles) character file.

Game seed: 8192706078439050737

1456 Heh the Carver (level 8, -2/60 HPs)
             Began as a Coglin Gladiator on Apr 10, 2024.
             Was an Initiate of Beogh.
             Shot with an arrow by a centaur (12 damage)
             ... on level 6 of the Dungeon.
             The game lasted 00:06:35 (5674 turns).

Heh the Carver (Coglin Gladiator)                   Turns: 5674, Time: 00:06:36

Health: -2/60      AC:  7    Str: 14      XL:     8   Next: 76%
Magic:  8/8        EV:  9    Int:  8 (9)  God:    Beogh [......]
Gold:   319        SH:  0    Dex: 17      Spells: 7/7 levels left

rFire   . . .        a - +0 long sword {Preben}
rCold   . . .        y - +0 long sword {Kagemori}
rNeg    . . .        p - +0 scale mail
rPois   .            c - +0 helmet
rElec   .            (no cloak)
rCorr   .            (no gloves)
SInv    .            (no boots)
Will    .....        (amulet unavailable) Stlth
                     (ring unavailable)
HPRegen 0.30/turn    (ring unavailable)
MPRegen 0.11/turn    (no gizmo)

%: no passive effects
@: no status effects
A: off-hand wielding, slow wielding, warmup strikes, no jewellery
a: Invent Gizmo, Renounce Religion


You were on level 6 of the Dungeon.
You worshipped Beogh.
Beogh was noncommittal.
You visited 1 branch of the dungeon, and saw 6 of its levels.

You collected 319 gold pieces.

Inventory:

Hand Weapons
 a - a +0 long sword (weapon) {Preben}
 f - a +0 dagger {Hachiro}
 n - a +0 short sword {Yeongsuk}
 y - a +0 long sword (offhand) {Kagemori}
 B - a +4 vampiric whip {Somchai}
Missiles
 d - 2 throwing nets
 e - a javelin
 i - 14 poisoned darts (quivered)
 w - 4 boomerangs
Armour
 b - a +0 leather armour
 c - a +0 helmet (worn)
 g - a +1 robe
 h - an orb of light
 p - a +0 scale mail (worn)
 q - a +0 chain mail
 r - a +0 ring mail
Scrolls
 j - 4 scrolls of identify {unknown}
 k - 3 scrolls of enchant weapon {unknown}
 l - 2 scrolls of blinking {unknown}
 m - 3 scrolls of vulnerability {unknown}
 o - a scroll of silence {unknown}
 s - a scroll of enchant armour {unknown}
 u - a scroll of immolation {unknown}
 v - a scroll of poison {unknown}
 x - 2 scrolls of teleportation {unknown}
Potions
 t - a potion of brilliance


   Skills:
 - Level 4.0 Fighting
 * Level 10.4 Long Blades
 - Level 1.7 Throwing
 - Level 2.6 Dodging


You had 7 spell levels left.
You didn't know any spells.
Your spell library contained the following spells:

 Spells                   Type           Power      Damage    Failure   Level
 Call Canine Familiar     Summ           0%         N/A       99%         3
 Sigil of Binding         Hex            0%         N/A       99%         3
 Dimensional Bullseye     Hex/Tloc       0%         N/A       100%        4


Dungeon Overview and Level Annotations

Branches:
Dungeon (6/15)
 Temple: D:4-7

Altars:
Fedhas
Makhleb
Vehumet
Wu Jian


Innate Abilities, Weirdness & Mutations

You can wield a second weapon in your off-hand.
It takes a long time for you to wield or remove held weapons.
Your first few attacks do less damage.
You cannot equip rings or amulets.


Message History

The bush is lightly damaged.
You hit the bush with your +0 long sword.
The centaur unwields a +0 orcbow.
The centaur hits the bush but does no damage.
The centaur kicks the bush but does no damage.
You hit the bush but do no damage.
The bush is lightly damaged.
You hit the bush with your +0 long sword.
The centaur wields a +0 orcbow.
The centaur shoots an arrow.
The arrow hits you!
The centaur shoots an arrow.
The arrow hits you!
You hit the bush with your +0 long sword.
The bush is lightly damaged.
You hit the bush but do no damage.
The centaur shoots an arrow.
The arrow hits you!
You hit the bush but do no damage.
The bush is lightly damaged.
You hit the bush but do no damage.
The centaur shoots an arrow.
The arrow hits you!
* * * LOW HITPOINT WARNING * * *
Okay, then.
Okay, then.
Throw: 3 throwing nets
Press: ? - help, Q - select action, (/) - cycle Shift-Dir - straight line, f - centaur
Aim: a centaur, wielding a +0 orcbow (70% to hit)
You throw a throwing net. The throwing net hits the centaur.
The centaur is caught in the net!
The centaur struggles against the net.
Something bites the bush but does no damage.
The centaur struggles against the net.
The centaur struggles against the net.
Something bites the bush but does no damage.
The centaur struggles against the net.
The net rips apart, and the centaur comes free!
The centaur shoots an arrow.
The arrow closely misses you.
Throw: 15 darts (poison)
Press: ? - help, Q - select action, (/) - cycle Shift-Dir - straight line, f/p - centaur
Aim: a centaur, wielding a +0 orcbow (70% to hit)
You throw a poisoned dart. The poisoned dart hits the centaur.
The centaur shoots an arrow.
The arrow hits you!
You die...

#.....#.....#
#+#.#####.#+#
#.'...+.#
####..)###
.##.......# ###
#####.##'#...#+#
#...#.....#..#...#
PP...###.###+##
PP..@........#
PcPP.########.#


P.PPP.# P P..# .... ###### You could see a centaur.

Vanquished Creatures
  A water moccasin (D:6)
  Duvessa (D:5)
  2 black bears
  2 ogres (D:5)
  A centaur (D:5)
  A phantom (D:4)
  4 scorpions (D:5)
  Dowan (D:5)
  A bombardier beetle (D:4)
  3 hounds
  2 orc priests
  2 iguanas (D:5)
  An orc wizard (D:5)
  Terence (D:3)
  4 adders
  A shadow imp (D:6)
  2 white imps (D:6)
  4 ufetubi
  4 dart slugs
  2 ribbon worms (D:2)
  13 orcs
  10 ball pythons
  7 bats
  7 endoplasms
  3 giant cockroaches
  4 goblins
  5 hobgoblins
  3 kobolds
  5 quokkas
  4 frilled lizards
  10 rats
111 creatures vanquished.

Notes
Turn   | Place    | Note
-------+----------+-------------------------------------------
     0 | D:1      | Heh the Coglin Gladiator began the quest for the Orb.
     0 | D:1      | Reached XP level 1. HP: 16/16 MP: 1/1
   109 | D:1      | Reached XP level 2. HP: 23/23 MP: 2/2
   361 | D:1      | Reached XP level 3. HP: 27/28 MP: 3/3
  1117 | D:2      | Reached skill level 4 in Long Blades
  1117 | D:2      | Reached XP level 4. HP: 35/35 MP: 4/4
  1764 | D:3      | Noticed Terence
  1776 | D:3      | Killed Terence
  2177 | D:3      | Reached XP level 5. HP: 41/41 MP: 5/5
  2521 | D:4      | Found a burning altar of Makhleb.
  2629 | D:4      | Found a radiant altar of Vehumet.
  2637 | D:4      | Reached skill level 5 in Long Blades
  2704 | D:4      | Noticed a phantom
  2707 | D:4      | Noticed a black bear
  2716 | D:4      | Killed a phantom
  2717 | D:4      | Reached XP level 6. HP: 31/48 MP: 6/6
  2723 | D:4      | Killed a black bear
  2724 | D:4      | Reached skill level 6 in Long Blades
  3295 | D:5      | Entered Level 5 of the Dungeon
  3362 | D:5      | Reached skill level 7 in Long Blades
  3362 | D:5      | Reached XP level 7. HP: 54/54 MP: 7/7
  3380 | D:5      | Found an ornate altar of the Wu Jian Council.
  3877 | D:5      | Noticed Duvessa
  3878 | D:5      | Noticed Dowan
  3882 | D:5      | Reached skill level 8 in Long Blades
  3927 | D:5      | Killed Duvessa
  3928 | D:5      | Reached XP level 8. HP: 15/51 MP: 8/8
  4428 | D:5      | Reached skill level 9 in Long Blades
  4684 | D:5      | Became a worshipper of Beogh the Shepherd
  5002 | D:5      | Killed Dowan
  5290 | D:5      | Reached skill level 10 in Long Blades
  5659 | D:6      | Found a blossoming altar of Fedhas.
  5674 | D:6      | Shot with an arrow by a centaur

Illustrated notes

Levels and vault maps discovered:
D:1:      wander_arrival_lonely_grave, layout_loops_cross, minmay_pentomino_s4
D:2:      layout_basic, grunt_ministairs_13, kennysheep_generic_room_4
D:3:      layout_basic, uniq_terence
D:4:      layout_basic, mainiacjoe_overflow_paths, overflow_temple_1_default
D:5:      layout_basic, nicolae_wu_jian_wuxing_cycle, minmay_increasing_density,
          uniq_duvessa
D:6:      nicolae_cairo_tiling_large, layout_basic, grunt_gozag_statues,
          fedhas_bush_and_centaur_altar, mainiacjoe_overflow_cross_hatched,
          minmay_temple_entry_statues_fountains, hangedman_decor_slide_cut,
          uniq_crazy_yiuf_cottage, uniq_prince_ribbit1

Skill      XL: |  1  2  3  4  5  6  7  8 |
---------------+-------------------------+-----
Fighting       | 3 4 |  4.0
Long Blades    | 4 5 7 8 10 | 10.4
Throwing       | |  1.7
Dodging        | |  2.6

Action                     |  1- 3 |  4- 6 |  7- 9 || total
---------------------------+-------+-------+-------++-------
  Melee: Dagger            |    51 |       |       ||    51
         Long sword        |    89 |    88 |   210 ||   387
         Short sword       |    21 |    82 |    12 ||   115
         Whip              |       |       |    18 ||    18
  Throw: Dart              |     1 |       |     5 ||     6
         Throwing net      |       |       |     1 ||     1
 Invoke: Convert to Beogh  |       |       |     1 ||     1
    Use: Potion            |       |       |     6 ||     6
   Stab: Sleeping          |     1 |       |       ||     1
 Armour: Leather armour    |    51 |       |       ||    51
         Scale mail        |     7 |    87 |   133 ||   227
  Dodge: Dodged            |    55 |    65 |    62 ||   182

Table legend: (Time is in decaauts)
 A = Elapsed time spent in this place.
 B = Non-inter-level travel time spent in this place.
 C = Inter-level travel time spent in this place.
 D = Time resting spent in this place.
 E = Time spent auto-exploring this place.
 F = Levels seen in this place.
 G = Mean time per level.
                   A        B        C        D        E       F      G
               +--------+--------+--------+--------+--------+-----+--------+
         Total |   5656 |   5303 |    353 |    277 |   4142 |   6 |  942.7 |
       Dungeon |   5656 |   5303 |    353 |    277 |   4142 |   6 |  942.7 |
               +--------+--------+--------+--------+--------+-----+--------+

Top non-repeatable levels by time:
     D:5: 1970 daAuts
     D:4: 1025 daAuts
     D:2: 896 daAuts
     D:3: 824 daAuts
     D:1: 742 daAuts
     D:6: 197 daAuts
